 Dungeon Crawl Stone Soup version 0.19.5 (webtiles) character file.

10206 equalderp2856 the Ripper (level 11, 0/46 HPs)
             Began as a Felid Fighter on Mar 19, 2017.
             Slain by a skeletal warrior
             ... wielding a +0 trident
              (24 damage)
             ... on level 11 of the Dungeon.
             The game lasted 02:17:25 (39861 turns).

equalderp2856 the Ripper (Felid Fighter)           Turns: 39861, Time: 02:17:25

Health: 0/46       AC:  3    Str: 18    XL:     11   Next: 33%
Magic:  23/23      EV: 31    Int: 12    God:
Gold:   907        SH:  4    Dex: 17    Spells: 3 memorised, 18 levels left
                                        Lives:  0   Deaths: 3

rFire  . . .     SeeInvis +       - Unarmed
rCold  + . .     Gourm    .     (armour unavailable)
rNeg   . . .     Faith    .     (shield unavailable)
rPois  .         Spirit   .     (helmet unavailable)
rElec  .         Reflect  +     (cloak unavailable)
rCorr  .         Harm     .     (gloves unavailable)
MR     +....                    (boots unavailable)
Stlth  ++++++....               G - +4 amulet of reflection
                                u - +5 ring of strength
                                q - +4 ring of evasion

@: quick
A: no armour, no weapons or thrown items, stealth, claws 1, fangs 3, see
invisible, carnivore 3, speed 1, shaggy fur 3, slow metabolism 1, sharp paws
a: no special abilities


You were on level 11 of the Dungeon.
You were very full.

You visited 3 branches of the dungeon, and saw 18 of its levels.
You also visited: Labyrinth.

You collected 907 gold pieces.

Inventory:

Missiles
 i - 398 arrows
Jewellery
 m - a -2 ring of protection
 q - a +4 ring of evasion (left paw)
 u - a +5 ring of strength (right paw)
 D - an uncursed ring of magical power
 G - a +4 amulet of reflection (around neck)
 L - an uncursed amulet of faith
 V - an uncursed ring of ice
Wands
 h - a wand of digging (11/24)
 k - a wand of enslavement (8/24)
 o - a wand of acid (7/15)
 p - a wand of flame (22/48)
 s - a wand of confusion (11/48)
 x - a wand of flame (21/48)
 B - a wand of random effects (32/48)
 C - a wand of disintegration (11/24)
 H - a wand of lightning (7/15)
 I - a wand of iceblast (9/15)
 M - a wand of polymorph (9/24)
 Q - a wand of iceblast (10/15)
Scrolls
 c - 3 scrolls of identify
 d - a scroll of teleportation
 e - 8 scrolls of remove curse
 f - a scroll of recharging
 l - a scroll of amnesia
 v - a scroll of blinking
 y - 2 scrolls of immolation
 E - a scroll of brand weapon {unknown}
 U - a scroll of fog
Potions
 j - 2 potions of haste {unknown}
 n - 2 potions of flight
 r - 4 potions of curing
 t - a potion of mutation {unknown}
 z - 3 potions of brilliance
 F - 2 potions of magic {unknown}
 R - 2 potions of cure mutation
 T - a potion of degeneration {unknown}
Books
 A - a book of Power

   Spells                             Type                      Level
   a - Fulminant Prism                Conjuration/Hexes            4
   b - Iskenderun's Mystic Blast      Conjuration                  4
   c - Venom Bolt                     Conjuration/Poison           5
   d - Bolt of Magma                  Conjuration/Fire/Earth       5
   e - Iron Shot                      Conjuration/Earth            6
   f - Orb of Destruction             Conjuration                  7
   g - Spellforged Servitor           Conjuration/Summoning        7
 J - a book of Burglary

   Spells                             Type                      Level
   a - Swiftness                      Charms/Air                   2
   b - Passwall                       Transmutation/Earth          2
   c - Passage of Golubria            Translocation                4
   d - Lee's Rapid Deconstruction     Earth                        5
   e - Darkness                       Hexes                        6
   f - Invisibility                   Hexes                        6
 K - a book of Transfigurations

   Spells                             Type                      Level
   a - Irradiate                      Conjuration/Transmutation    5
   b - Statue Form                    Transmutation/Earth          6
   c - Hydra Form                     Transmutation                6
   d - Dragon Form                    Transmutation                7
 N - a book of Unlife

   Spells                             Type                      Level
   a - Recall                         Summoning/Translocation      3
   b - Animate Dead                   Necromancy                   4
   c - Control Undead                 Necromancy                   4
   d - Cigotuvi's Embrace             Necromancy                   5
   e - Death Channel                  Necromancy                   6
   f - Simulacrum                     Ice/Necromancy               6
 S - the Collected Works on the Snowflakes
   (You found it on level 1 of the Lair of Beasts)

   Spells                             Type                      Level
   a - Throw Frost                    Conjuration/Ice              2
   b - Bolt of Cold                   Conjuration/Ice              6
   c - Freezing Cloud                 Conjuration/Ice/Air          6
Miscellaneous
 O - a fan of gales
 P - a phantom mirror
Comestibles
 a - 9 royal jellies
 b - 9 meat rations
 g - 4 beef jerkies
 w - 11 fruits


   Skills:
 + Level 4.9 Fighting
 + Level 11.7 Dodging
 + Level 12.1 Stealth
 + Level 16.1 Unarmed Combat
 + Level 7.4 Spellcasting
 + Level 1.2 Conjurations
 + Level 0.2 Charms
 + Level 0.2 Transmutations
 + Level 1.5 Ice Magic
 + Level 0.1 Air Magic
 + Level 0.7 Evocations


You had 18 spell levels left.
You knew the following spells:

 Your Spells              Type           Power        Failure   Level  Hunger
a - Passwall              Tmut/Erth      #.........   28%         2    #......
b - Swiftness             Chrm/Air       #.......     21%         2    #......
c - Throw Frost           Conj/Ice       #.....       14%         2    #......


Dungeon Overview and Level Annotations

Branches:
Dungeon (12/15)            Temple (0/1) D:6            Lair (4/6) D:8
  Snake (0/4) Lair:3          Orc (2/2) D:11            Elf (0/3) Orc:2
  Swamp: Lair:2-4    Shoals: Lair:2-4

Altars:
Cheibriados
Dithmenos
Elyvilon
Gozag
Nemelex Xobeh
Okawaru
Qazlal
Trog
The Shining One

Shops:
Orc:1 }

Annotations:
D:5 Uberchile's ghost, novice DsGl
D:8 exclusions: plant and 12 more exclusions


Innate Abilities, Weirdness & Mutations

You cannot wear armour.
You are incapable of wielding weapons or throwing items.
Your paws allow you to move quietly. (Stealth)
You have sharp claws.
You have razor-sharp teeth.
You have supernaturally acute eyesight. (SInv)
You are carnivorous and can eat meat at any time.
You cover ground quickly.
Your thick and shaggy fur keeps you warm. (AC +3, rC+)
You have a slow metabolism.
Your sharp claws are effective at attacking unaware monsters.


Message History

You see here a flail.
You see here a giant club.
Your magical contamination has completely faded away.
You see here a bread ration.
You start resting.
Magic restored.
You start resting.
HP restored.
There is a stone staircase leading up, spattered with blood here.
You see here an uncursed shortbow.
You see here an enchanted shortbow.
Things that are here:
an uncursed shortbow x2
Things that are here:
an uncursed shortbow x2
You see here an uncursed shortbow.
The skeletal warrior hits you from afar with a +0 trident!!
The skeletal warrior hits you from afar with a +0 trident!!
Ouch! That really hurt!
You die...

.#####.....#####..# #. .# ##...##
###)### #. .# ##.######.....#####
#. .# #.##......8......# #.
.##### #.##.............# #.
.....# #.##.............## #.
.###.# #.#.......z.......## #. .#
#.###...8.....>.....8..# #.
.###.##.........@.........# #.
...[......#.............#.######.
####.##...#.............#(())....
#.###)##......8......######..#
#.# #)######.....##### ##.## #.#
#)# ###..## #.##
#.###)#########.# ##.##
#...[<.......##.# ##.# ##
#..##..........%###### ##.


You could see a skeletal warrior.

Vanquished Creatures
  An ettin (D:11)
  3 hill giants (D:10)
  3 ugly things
  A cyclops (D:10)
  2 centaur zombies (D:11)
  Joseph (D:8)
  Maurice (D:11)
  2 black mambas
  2 spiny frogs
  9 gargoyles
  3 komodo dragons
  A rime drake (Lair:2)
  A queen bee (D:11)
  8 trolls
  A polar bear (Lair:3)
  2 hornets
  A minotaur skeleton (Lab)
  2 two-headed ogres
  2 hippogriffs
  A vampire (D:11)
  2 wyverns
  7 hungry ghosts
  20 yaks
  2 basilisks
  A steam dragon (D:8)
  6 nagas (Lair:3)
  2 mottled dragons (D:11)
  Edmund (D:6)
  A soldier ant (D:8)
  4 porcupines
  6 water moccasins
  A sky beast (D:5)
  3 black bears
  12 orc warriors
  2 ice beasts
  3 phantoms
  2 necrophages
  An eye of draining (D:12)
  11 ogres
  12 centaurs
  7 wolves
  8 crocodiles
  3 big kobolds
  13 bullfrogs
  An earth elemental (Lab)
  A wyvern skeleton (D:10)
  2 scorpions
  A wight (D:11)
  27 killer bees (D:11)
  6 howler monkeys
  A bullfrog zombie (D:11)
  6 crimson imps
  A quasit (D:6)
  12 hounds
  16 orc priests
  2 centaur skeletons
  3 jellies
  15 orc wizards
  4 bullfrog skeletons
  7 iguanas
  12 worker ants
  8 ogre zombies (D:11)
  A hound skeleton (D:6)
  11 adders
  6 gnolls
  4 shadow imps
  An ooze (D:5)
  An adder zombie (D:9)
  An adder skeleton (D:6)
  4 worms
  3 dart slugs (D:1)
  9 leopard geckos
  68 orcs
  2 giant cockroaches
  7 goblins
  8 hobgoblins
  9 jackals
  8 quokkas
  2 ball pythons
  4 bats
  5 frilled lizards
  4 goblin skeletons (D:11)
  2 goblin zombies (D:11)
  2 hobgoblin skeletons (D:11)
  2 hobgoblin zombies (D:11)
  13 kobolds
  A leopard gecko skeleton (D:4)
  An orc skeleton (D:11)
  14 orc zombies (D:11)
  A quokka zombie (D:7)
  5 rats
  A plant (D:4)
502 creatures vanquished.

Vanquished Creatures (others)
  A kobold (D:8)
  6 fungi
  8 plants
15 creatures vanquished.

Grand Total: 517 creatures vanquished

Notes
Turn   | Place    | Note
-------+----------+-------------------------------------------
     0 | D:1      | equalderp2856 the Felid Fighter began the quest for the Orb.
     0 | D:1      | Reached XP level 1. HP: 10/10 MP: 2/2
   164 | D:1      | Reached XP level 2. HP: 7/14 MP: 3/3
  1035 | D:1      | Reached XP level 3. HP: 17/17 MP: 4/4
  2241 | D:2      | Reached skill level 1 in Stealth
  2429 | D:2      | Reached XP level 4. HP: 16/21 MP: 5/5
  2746 | D:3      | Reached skill level 5 in Unarmed Combat
  3829 | D:4      | Reached skill level 5 in Dodging
  3993 | D:4      | Noticed a bullfrog
  4011 | D:4      | Killed a bullfrog
  4011 | D:4      | Reached XP level 5. HP: 15/24 MP: 6/6
  4230 | D:4      | Reached skill level 6 in Unarmed Combat
  4288 | D:4      | Found a snail-covered altar of Cheibriados.
  4706 | D:3      | You fall through a shaft!
  4818 | D:4      | Gained mutation: You are covered in thick fur. (AC +2) [Felid growth]
  4818 | D:4      | Reached XP level 6. HP: 24/28 MP: 7/7
  5033 | D:5      | Entered Level 5 of the Dungeon
  5033 | D:5      | Noticed a sky beast
  5266 | D:5      | Found a stormy altar of Qazlal.
  5363 | D:5      | Noticed Uberchile's ghost (novice DsGl)
  5667 | D:4      | Reached XP level 7. HP: 19/31 MP: 8/8
  6109 | D:4      | Reached skill level 7 in Unarmed Combat
  6210 | D:4      | Found a glowing golden altar of the Shining One.
  6216 | D:4      | Found an iron altar of Okawaru.
  6222 | D:4      | Found a bloodstained altar of Trog.
  7016 | D:5      | Reached skill level 8 in Unarmed Combat
  7153 | D:5      | Reached skill level 5 in Stealth
  7153 | D:5      | Reached XP level 8. HP: 35/35 MP: 9/9
  7338 | D:6      | Found a staircase to the Ecumenical Temple.
  7349 | D:6      | Found a shadowy altar of Dithmenos.
  7427 | D:6      | Noticed Edmund
  7763 | D:7      | Found a sparkling altar of Nemelex Xobeh.
  7763 | D:7      | Found an opulent altar of Gozag.
  8402 | D:7      | Reached skill level 9 in Unarmed Combat
  9772 | D:7      | Reached skill level 10 in Unarmed Combat
  9772 | D:7      | Reached XP level 9. HP: 28/39 MP: 10/10
 10135 | D:8      | Killed from afar by an electric eel
 10136 | D:8      | Reached XP level 8. HP: 0/36 MP: 9/9
 10681 | D:6      | Killed Edmund
 10741 | D:6      | Reached skill level 11 in Unarmed Combat
 10749 | D:6      | Reached skill level 1 in Spellcasting
 10839 | D:6      | Reached XP level 9. HP: 38/39 MP: 13/13
 11640 | D:8      | Noticed a komodo dragon
 11644 | D:8      | Killed a komodo dragon
 11644 | D:8      | Reached skill level 5 in Spellcasting
 11674 | D:8      | Noticed Joseph
 12620 | D:8      | Paralysed by a hornet for 2 turns
 13880 | D:9      | Reached XP level 10. HP: 42/42 MP: 21/21
 14545 | D:9      | Found a white marble altar of Elyvilon.
 14659 | D:10     | Entered Level 10 of the Dungeon
 14659 | D:10     | Noticed a brown ugly thing
 14663 | D:10     | Killed a brown ugly thing
 15162 | D:10     | Reached skill level 12 in Unarmed Combat
 16799 | D:10     | Noticed a hill giant
 17898 | D:10     | Noticed a gargoyle
 18229 | D:12     | Reached XP level 11. HP: 15/46 MP: 22/22
 18307 | D:12     | Noticed a cyan ugly thing
 18792 | D:11     | Noticed a green ugly thing
 18794 | D:11     | Killed a green ugly thing
 19104 | D:11     | Reached skill level 13 in Unarmed Combat
 19621 | D:12     | Reached skill level 10 in Dodging
 19984 | D:11     | Found a staircase to the Orcish Mines.
 20070 | D:11     | Noticed Maurice
 20094 | D:11     | Killed Maurice
 20776 | D:10     | Noticed a hill giant
 20786 | D:10     | Killed a hill giant
 20885 | D:10     | Reached skill level 10 in Stealth
 20981 | D:10     | Killed a hill giant
 22650 | D:11     | Noticed a hill giant
 23096 | D:10     | Killed a hill giant
 23096 | D:10     | Reached skill level 14 in Unarmed Combat
 26161 | D:11     | Noticed a skeletal warrior
 26296 | D:11     | Gained mutation: Your thick and shaggy fur keeps you warm. (AC +3, rC+) [Felid growth]
 26296 | D:11     | Reached XP level 12. HP: 35/50 MP: 23/23
 27666 | D:8      | Found a staircase to the Lair.
 27681 | D:8      | Killed Joseph
 27731 | Lair:1   | Entered Level 1 of the Lair of Beasts
 27739 | Lair:1   | Found a labyrinth entrance.
 27850 | Lab      | Entered a labyrinth
 28341 | Lab      | Noticed MirrMurr's ghost (journeyman TrAM)
 29701 | Lab      | Noticed North's ghost (journeyman DsFi)
 29901 | Lab      | Reached skill level 15 in Unarmed Combat
 30470 | Lab      | Noticed a minotaur
 31002 | Lair:1   | Identified the Collected Works on the Snowflakes
 31682 | Lair:2   | Found a shadowy altar of Dithmenos.
 31964 | Lair:1   | Learned a level 2 spell: Passwall
 31967 | Lair:1   | Learned a level 2 spell: Swiftness
 31970 | Lair:1   | Learned a level 2 spell: Throw Frost
 34056 | Lair:3   | Noticed a six-headed hydra
 34389 | Lair:3   | Found a staircase to the Snake Pit.
 34697 | Lair:3   | Reached skill level 1 in Conjurations
 35199 | Lair:4   | Reached skill level 1 in Ice Magic
 35942 | Orc:1    | Entered Level 1 of the Orcish Mines
 35942 | Orc:1    | Noticed an ettin
 35948 | Orc:1    | Noticed an ettin
 35975 | D:11     | Killed an ettin
 36006 | Orc:2    | Entered Level 2 of the Orcish Mines
 36019 | Orc:1    | Noticed an orc warlord
 36286 | Orc:1    | Found Fotauc's Quality Used Wands.
 36359 | Orc:2    | Found a staircase to the Elven Halls.
 37293 | D:11     | Reached skill level 16 in Unarmed Combat
 37293 | D:11     | Reached XP level 13. HP: 44/54 MP: 25/25
 37345 | D:11     | HP: 1/54 [killer bee (7)]
 37345 | D:11     | Slain by a white ugly thing
 37346 | D:11     | Reached XP level 12. HP: -3/51 MP: 33/33
 37474 | D:11     | Mangled by a skeletal warrior
 37475 | D:11     | Reached XP level 11. HP: -12/46 MP: 32/32
 39512 | D:10     | Killed a white ugly thing
 39861 | D:11     | Slain by a skeletal warrior

Skill      XL: |  1  2  3  4  5  6  7  8  9 10 11 12 |
---------------+-------------------------------------+-----
Stealth        | 1 2 3 4 5 6 7 9 10 12 | 12.1
Unarmed Combat | 5 6 8 11 12 14 16 | 16.1
Dodging        | 5 6 8 9 10 11 | 11.7
Spellcasting   | 2 7 |  7.4
Fighting       | 4 |  4.9
Conjurations   | 1 |  1.2
Ice Magic      | 1 |  1.5
Charms         | |  0.2
Transmutations | |  0.2
Air Magic      | |  0.1
Evocations     | |  0.7

Action                   |  1- 3 |  4- 6 |  7- 9 | 10-12 | 13-15 || total
-------------------------+-------+-------+-------+-------+-------++-------
Melee: Unarmed           |    89 |   142 |   427 |  1265 |    12 ||  1935
       Bite              |     6 |    11 |    58 |   146 |     1 ||   222
       Punch             |     1 |     1 |    22 |    82 |     1 ||   107
 Cast: Throw Frost       |       |       |       |    30 |       ||    30
       Swiftness         |       |       |       |     4 |       ||     4
       Passwall          |       |       |       |     2 |       ||     2
Evoke: Wand              |       |       |       |     9 |       ||     9
  Use: Potion            |       |     1 |     4 |     9 |       ||    14
       Scroll            |       |       |     7 |    15 |     1 ||    23
 Stab: Distracted        |     1 |       |     4 |     9 |       ||    14
       Sleeping          |     5 |     6 |    14 |    23 |       ||    48
  Eat: Chunk             |    10 |     5 |    25 |    60 |       ||   100
       Royal jelly       |       |       |       |     1 |       ||     1
Armor: Skin              |     7 |     4 |     8 |    19 |       ||    38
Dodge: Dodged            |    72 |    97 |   300 |  1143 |    18 ||  1630
Block: Other             |       |       |       |    72 |     5 ||    77
       Reflection        |       |       |       |     2 |       ||     2
